Map: Beckett Industries LE

Players

pincher

  • Race: Terran Terran
  • League: Master

llllllllllll - Winner!

  • Race: Terran Terran
  • League: Master

VOD

Have the link to the VOD?

Description

Time

  • Played on: May 15, 2021, 4:23 a.m.
  • Length: 21:10
Show
View Real Time Build Order
Export as new Build Order

pincher Terran 

Build Orders:  

Get SALT Encoding   

  12  0:00  SCV  
  13  0:12  SCV  
  14  0:18  Supply Depot  
  14  0:24  SCV  
  15  0:29  Refinery  
  15  0:39  SCV  
  16  0:46  Barracks  
  16  0:52  SCV  
  17  0:57  Refinery  
  17  1:04  SCV  
  18  1:16  SCV  
  19  1:28  SCV  
  20  1:45  Reaper  
  20  1:46  Orbital Command  
  21  1:48  Factory  
  21  1:57  Supply Depot  
  21  2:12  SCV  
  22  2:17  Reaper  
  23  2:24  SCV  
  24  2:32  Hellion  
  27  2:43  SCV  
  26  2:49  Reaper  
  26  2:50  Command Center  
  27  2:55  Hellion  
  27  2:56  SCV  
  30  3:06  Supply Depot  
  30  3:08  SCV  
  30  3:09  Starport  
  31  3:17  Factory Tech Lab  
  31  3:23  Barracks Reactor  
  31  3:28  SCV  
  32  3:35  Siege Tank  
  32  3:37  Barracks  
  32  3:40  SCV  
  36  3:45  Medivac  
  38  3:52  SCV  
  39  4:02  Marine x2  
  41  4:03  Orbital Command  
  41  4:05  SCV  
  42  4:12  Siege Tank  
  45  4:17  SCV  
  45  4:21  Supply Depot  
  46  4:28  Barracks Tech Lab  
  46  4:29  Supply Depot, SCV  
  46  4:30  Medivac  
  49  4:34  SCV  
  50  4:44  SCV  
  51  4:46  SCV  
  51  4:48  Marine x3  
  51  4:50  Stimpack  
  55  4:56  SCV  
  56  5:00  SCV  
  56  5:04  Siege Tank  
  56  5:06  Marine x3  
  63  5:09  Refinery, SCV  
  63  5:12  SCV  
  65  5:19  Medivac  
  65  5:21  SCV  
  68  5:22  Supply Depot  
  68  5:24  Marine, SCV  
  68  5:27  Marine x2  
  72  5:34  Supply Depot  
  71  5:38  SCV x2  
  71  5:40  Siege Tank  
  71  5:42  Marine  
  77  5:45  Marine x2  
  79  5:50  Medivac  
  79  5:56  SCV x2  
  80  5:59  Marine  
  80  6:03  Marine x2  
  83  6:08  SCV x2  
  85  6:16  Supply Depot, Command Center  
  85  6:17  Supply Depot, Marine  
  86  6:19  Refinery  
  86  6:20  SCV x2  
  86  6:21  Marine x2  
  88  6:35  Marine  
  77  6:48  Marine  
  77  6:49  Marine  
  77  6:50  Siege Tank  
  77  6:51  SCV x2  
  77  6:53  Marine  
  80  6:54  Medivac  
  77  7:03  SCV x2  
  77  7:06  Marine  
  77  7:07  Marine, Combat Shield  
  78  7:11  Marine, Barracks  
  78  7:13  Engineering Bay x2  
  78  7:15  SCV x2  
  81  7:23  Siege Tank  
  81  7:24  Marine  
  81  7:25  Starport Reactor, Marine  
  81  7:27  SCV x2  
  81  7:28  Orbital Command, Marine  
  89  7:39  SCV x2  
  89  7:41  Marine  
  89  7:43  Marine  
  93  7:46  Marine  
  93  7:51  SCV  
  93  7:52  SCV  
  95  8:00  Marine  
  95  8:01  Marine  
  95  8:02  Barracks Reactor  
  95  8:03  SCV x2  
  95  8:04  SCV  
  97  8:06  Medivac x2  
  97  8:07  Siege Tank, Refinery  
  97  8:08  Refinery  
  104  8:15  SCV  
  104  8:16  SCV x2  
  104  8:18  Marine x2  
  104  8:19  Marine  
  110  8:26  Supply Depot x2  
  108  8:27  Barracks, SCV  
  108  8:28  Barracks, SCV x2  
  111  8:36  Medivac x2, Marine x3  
  111  8:37  Terran Infantry Weapons Level 1, Terran Infantry Armor Level 1  
  111  8:39  Supply Depot, Siege Tank, SCV  
  111  8:40  Marine x2  
  124  8:42  Supply Depot  
  124  8:54  Marine x3  
  127  8:58  Marine x2  
  127  9:02  Sensor Tower, Command Center  
  129  9:06  Medivac x2  
  129  9:07  Missile Turret  
  129  9:09  Missile Turret  
  133  9:10  Missile Turret  
  133  9:11  Siege Tank  
  133  9:12  Marine x3  
  133  9:13  Missile Turret x2  
  133  9:15  Marine x2  
  140  9:26  Marine x2  
  140  9:30  Marine x3  
  144  9:33  Marine x2  
  144  9:36  Medivac x2  
  150  9:41  Supply Depot  
  150  9:43  Supply Depot  
  150  9:45  Supply Depot, Barracks Reactor x2  
  150  9:47  Siege Tank  
  153  9:59  Marine x3  
  154  10:00  Marine  
  154  10:02  Marine  
  158  10:12  Viking x2  
  162  10:16  Factory  
  162  10:17  Marine x4, Starport  
  162  10:19  Siege Tank  
  162  10:20  Marine  
  164  10:35  Marine x4  
  152  10:38  Marine  
  152  10:39  Marine x2  
  152  10:40  Marine x2  
  152  10:42  Viking x2  
  164  10:47  Command Center  
  164  10:52  Marine  
  164  10:53  Marine x3  
  164  10:56  Marine  
  169  10:57  Marine x4  
  169  11:04  Siege Tank  
  176  11:05  Starport Reactor, Factory Tech Lab  
  176  11:07  Starport Tech Lab  
  176  11:10  Marine  
  176  11:11  Marine x3  
  177  11:13  Armory, SCV  
  177  11:14  Marine, SCV x2  
  177  11:15  Marine x4  
  177  11:16  Planetary Fortress  
  189  11:25  SCV  
  189  11:28  Viking x2, Marine, Raven  
  196  11:38  Marine x2  
  195  11:45  Marine  
  195  11:46  Marine x6  
  183  11:56  Marine  
  169  12:04  Marine x8  
  169  12:05  Siege Tank  
  169  12:06  Viking x2  
  183  12:11  Raven  
  183  12:14  Marine  
  186  12:20  Sensor Tower  
  186  12:22  Marine  
  177  12:32  Refinery  
  177  12:34  Sensor Tower  
  177  12:35  Missile Turret x2, Refinery  
  174  12:37  Missile Turret  
  174  12:39  Marine x9  
  174  12:40  Missile Turret  
  174  12:41  Missile Turret  
  183  12:44  Planetary Fortress  
  183  12:49  Siege Tank  
  183  12:50  Viking x2  
  190  12:54  Raven  
  190  12:57  Marine x9  
  194  13:00  Refinery  
  194  13:02  Refinery  
  136  13:14  Marine  
  136  13:15  Marine x8  
  133  13:32  Marine  
  133  13:33  Marine x8  
  140  13:35  Siege Tank  
  140  13:36  Viking x2  
  133  13:50  Marine x3  
  133  13:51  Marine x6  
  133  13:55  Raven  
  125  13:57  Terran Infantry Weapons Level 2, Terran Infantry Armor Level 2  
  125  13:58  Terran Ship Weapons Level 1  
  119  14:08  Siege Tank, Marine x6  
  119  14:09  Marine  
  133  14:21  Siege Tank  
  133  14:23  Marine x2  
  129  14:26  Marine x4  
  129  14:30  Medivac x2  
  133  14:38  Raven  
  135  14:39  Marine x3  
  135  14:40  Siege Tank  
  135  14:41  Marine x2  
  135  14:43  Marine  
  144  14:54  Siege Tank  
  144  14:59  Marine  
  148  15:00  Medivac x2, Marine x7  
  148  15:01  Marine  
  159  15:17  Marine  
  159  15:20  Raven  
  162  15:24  Sensor Tower  
  160  15:30  Medivac x2  
  160  15:33  Marine x6  
  160  15:34  Siege Tank x2, Marine x2  
  160  15:35  Marine  
  170  15:55  Marine x9  
  175  16:07  Siege Tank x2  
  181  16:12  Marine  
  181  16:13  Marine x2  
  159  16:34  Marine  
  159  16:39  Siege Tank  
  165  16:40  Siege Tank, Marine  
  165  16:41  Marine x7  
  164  16:51  Command Center  
  164  16:52  Marine  
  164  16:53  Viking x3  
  165  16:55  Terran Infantry Weapons Level 3  
  165  16:56  Terran Infantry Armor Level 3, Terran Ship Weapons Level 2  
  165  16:58  Marine x2  
  153  17:08  Marine  
  153  17:09  Marine x6  
  153  17:11  Siege Tank  
  153  17:12  Siege Tank  
  166  17:16  Marine  
  167  17:24  Medivac  
  167  17:25  Medivac  
  167  17:26  Medivac  
  173  17:44  Siege Tank x2  
  164  17:54  Medivac  
  164  17:55  Medivac  
  164  17:56  Medivac  
  168  17:58  Marine  
  168  17:59  Marine x8  
  175  18:16  Siege Tank x2  
  176  18:23  Marine  
  176  18:24  Marine x8  
  176  18:26  Medivac  
  162  18:41  Marine  
  162  18:42  Marine x6  
  162  18:48  Siege Tank x2  
  172  19:02  Marine  
  172  19:03  Marine x8  
  172  19:06  Medivac x3  
  187  19:20  Siege Tank x2, Marine  
  187  19:21  Marine x2  
  188  19:35  Marine  
  188  19:36  Medivac, Marine x5  
  188  19:38  Marine  
  179  19:40  Marine  
  179  19:44  Marine  
  168  19:52  Siege Tank x2  
  168  19:53  Marine  
  168  19:58  Marine x6  
  175  20:07  Marine  
  175  20:08  Medivac  
  128  20:24  Siege Tank x2  
  128  20:26  Marine x9  
  102  20:43  Marine  
  102  20:44  Marine x3  
  102  20:47  Marine  
Show
View Real Time Build Order
Export as new Build Order

llllllllllll Terran - Winner!

Build Orders:  

Get SALT Encoding   

  12  0:00  SCV  
  13  0:12  SCV  
  14  0:17  Supply Depot  
  14  0:24  SCV  
  15  0:38  SCV  
  15  0:42  Barracks  
  16  0:50  Refinery, SCV  
  17  0:58  Refinery  
  17  1:03  SCV  
  18  1:15  SCV  
  19  1:29  Orbital Command  
  19  1:30  Reaper  
  20  1:50  Factory  
  20  1:53  Supply Depot  
  20  1:56  SCV  
  21  2:06  Reaper  
  22  2:08  SCV  
  23  2:20  SCV  
  24  2:26  Command Center  
  24  2:34  Hellion, SCV  
  27  2:44  Bunker  
  27  2:45  Reaper  
  27  2:47  SCV  
  29  2:55  Supply Depot  
  29  2:59  Hellion  
  31  3:05  SCV  
  31  3:09  Starport  
  32  3:21  Factory Tech Lab, Refinery  
  32  3:25  SCV  
  33  3:33  Barracks Tech Lab  
  33  3:38  SCV  
  33  3:39  Orbital Command  
  34  3:46  Supply Depot  
  34  3:54  Cyclone  
  37  4:03  SCV  
  37  4:05  SCV  
  39  4:12  Barracks Reactor  
  39  4:15  SCV  
  39  4:16  Viking  
  42  4:18  SCV  
  42  4:20  Supply Depot  
  43  4:27  SCV  
  47  4:31  Siege Tank  
  47  4:33  SCV  
  48  4:40  Supply Depot, SCV  
  47  4:52  Marine x2, Raven  
  49  4:54  SCV  
  49  4:57  SCV  
  53  5:11  SCV  
  53  5:12  Command Center  
  54  5:16  SCV  
  54  5:18  Supply Depot  
  54  5:20  Siege Tank  
  58  5:23  SCV  
  58  5:28  SCV  
  60  5:35  SCV  
  61  5:37  Raven, Refinery  
  61  5:40  SCV  
  64  5:47  SCV  
  64  5:48  Engineering Bay  
  65  5:52  SCV  
  66  5:59  SCV  
  67  6:04  Siege Tank, SCV  
  67  6:10  Supply Depot, Barracks Reactor  
  71  6:11  SCV  
  71  6:16  SCV  
  73  6:19  Command Center  
  73  6:23  Missile Turret  
  73  6:24  Missile Turret, SCV  
  74  6:27  Orbital Command  
  74  6:36  Cyclone  
  64  6:50  SCV x2  
  62  6:55  SCV  
  60  7:02  Orbital Command, SCV  
  60  7:07  SCV  
  60  7:08  Cyclone  
  60  7:14  SCV  
  64  7:19  SCV  
  64  7:22  Supply Depot  
  65  7:26  Viking x2, SCV  
  65  7:28  SCV  
  71  7:31  SCV  
  71  7:36  Planetary Fortress  
  72  7:38  Missile Turret, SCV  
  72  7:40  Cyclone, SCV  
  72  7:43  SCV  
  78  7:50  SCV, Factory  
  79  7:53  SCV  
  79  7:55  SCV  
  76  8:02  SCV  
  76  8:05  SCV  
  78  8:07  SCV  
  78  8:13  Siege Tank  
  78  8:14  SCV  
  78  8:15  Refinery, SCV  
  78  8:17  SCV  
  78  8:19  SCV  
  85  8:20  Refinery  
  85  8:23  Viking x2  
  88  8:29  SCV  
  88  8:30  SCV x2  
  91  8:36  Hellion  
  91  8:39  Supply Depot, SCV  
  91  8:40  Factory  
  94  8:41  Factory  
  94  8:42  SCV x2  
  94  8:43  Missile Turret  
  94  8:45  SCV  
  94  8:47  Missile Turret  
  97  8:51  SCV  
  97  8:52  Sensor Tower  
  97  8:54  SCV x2  
  100  8:56  Viking x2  
  100  8:57  SCV  
  100  8:59  Siege Tank  
  108  9:04  Missile Turret, Refinery, SCV  
  108  9:06  SCV  
  111  9:10  SCV  
  111  9:12  SCV  
  111  9:14  Command Center, Missile Turret  
  111  9:16  SCV  
  113  9:17  Refinery  
  113  9:18  SCV  
  113  9:22  SCV  
  114  9:24  SCV  
  115  9:34  Factory Tech Lab  
  115  9:35  Hellion  
  115  9:36  Viking, Sensor Tower, Hellion  
  121  9:40  SCV  
  121  9:41  Supply Depot, SCV  
  121  9:42  Supply Depot, SCV  
  124  9:53  Command Center  
  124  9:54  SCV x2  
  124  9:55  SCV x2  
  124  9:56  Hellion  
  124  9:59  Infernal Pre-Igniter  
  130  10:01  Mag-Field Accelerator  
  130  10:06  SCV  
  131  10:07  Neosteel Armor  
  131  10:13  Factory  
  131  10:15  Factory  
  131  10:18  Missile Turret  
  131  10:19  Armory  
  131  10:20  Siege Tank x2  
  137  10:24  Viking, Armory  
  137  10:25  Armory  
  132  10:32  Cyclone  
  123  10:42  Viking  
  123  10:44  Hellion  
  127  10:54  Orbital Command  
  127  11:04  SCV x3  
  127  11:05  Factory Tech Lab  
  127  11:06  Factory Tech Lab, Refinery  
  127  11:08  Refinery  
  127  11:09  Missile Turret  
  130  11:12  Sensor Tower  
  130  11:16  SCV  
  131  11:21  Terran Vehicle And Ship Armor Level 1, Terran Vehicle Weapons Level 1  
  131  11:22  Terran Ship Weapons Level 1  
  131  11:24  Siege Tank x2  
  137  11:26  Missile Turret  
  136  11:32  Missile Turret  
  136  11:39  Viking x2, Hellion x3  
  134  11:47  Hi-Sec Auto Tracking  
  134  11:53  Siege Tank  
  137  11:57  Siege Tank  
  140  12:06  SCV x4  
  143  12:09  Viking  
  143  12:15  Hellion x5  
  155  12:18  SCV  
  155  12:20  Orbital Command  
  156  12:26  Hellion  
  156  12:29  Hellion, Planetary Fortress  
  160  12:37  Siege Tank x3  
  169  12:46  Sensor Tower, Refinery  
  169  12:50  Refinery  
  169  12:51  Missile Turret, SCV x3  
  169  12:52  SCV  
  169  12:55  Hellion x2  
  173  12:59  Cyclone  
  173  13:01  Cyclone  
  173  13:03  SCV x2  
  173  13:04  SCV  
  151  13:06  Missile Turret  
  151  13:08  SCV  
  151  13:10  Viking, Hellion x3  
  153  13:12  SCV  
  153  13:15  SCV  
  153  13:16  Hellion  
  136  13:30  Viking  
  136  13:31  Siege Tank x3  
  139  13:37  SCV x3  
  139  13:40  Viking  
  142  13:41  SCV  
  142  13:44  SCV  
  142  13:46  Siege Tank x2  
  148  13:50  SCV x2  
  148  13:55  SCV  
  147  14:00  Viking  
  149  14:03  Cyclone x2, Siege Tank  
  149  14:06  Terran Vehicle Weapons Level 2  
  149  14:07  Sensor Tower  
  158  14:10  Viking  
  158  14:12  Terran Vehicle And Ship Armor Level 2  
  160  14:18  Cyclone, Thor  
  160  14:20  SCV x2  
  160  14:21  SCV  
  160  14:23  SCV  
  172  14:30  Command Center  
  172  14:31  Command Center  
  172  14:32  Supply Depot  
  172  14:33  Terran Ship Weapons Level 2  
  172  14:35  Cyclone  
  175  14:46  Fusion Core  
  175  14:48  Starport  
  175  14:49  Starport, SCV x3  
  175  14:50  SCV  
  173  15:02  Missile Turret  
  173  15:03  Siege Tank x2, Missile Turret  
  173  15:04  Siege Tank x2  
  187  15:09  Supply Depot  
  187  15:10  Viking  
  187  15:21  Viking  
  186  15:40  Viking  
  185  15:43  Viking x2  
  187  15:51  Viking  
  187  15:53  Cyclone  
  192  16:10  Viking  
  194  16:13  Viking x2  
  198  16:21  Viking  
  192  16:34  Cyclone  
  192  16:37  Cyclone  
  192  16:39  Liberator  
  184  16:42  SCV  
  184  16:45  Hellion x2  
  184  16:46  Hellion  
  191  16:47  Terran Vehicle Weapons Level 3, Terran Vehicle And Ship Armor Level 3  
  191  16:50  Liberator  
  192  16:54  Hellion x2  
  192  17:06  Hellion  
  192  17:07  Hellion x3  
  200  17:17  Command Center  
  200  17:18  Command Center  
  200  17:20  Starport Tech Lab  
  200  17:22  Viking, Command Center x2  
  194  17:24  Starport Reactor  
  196  17:31  Starport  
  196  17:32  Starport  
  196  17:33  Viking, Starport  
  198  17:41  Refinery  
  198  17:44  Refinery  
  198  17:48  Viking  
  194  17:51  Cyclone x2  
  194  17:52  Viking  
  194  17:57  Siege Tank x2  
  199  18:11  Planetary Fortress  
  199  18:12  Planetary Fortress  
  197  18:25  Viking x2  
  197  18:26  Viking x3  
  168  18:39  Planetary Fortress  
  165  18:41  SCV  
  165  18:42  SCV  
  165  18:48  Missile Turret  
  165  18:55  Viking x2, Liberator x2  
  165  18:56  Liberator  
  171  19:16  Planetary Fortress  
  171  19:25  Liberator x2  
  171  19:26  Thor x2  
  171  19:27  Hellion x2  
  193  19:36  Missile Turret  
  190  19:38  Liberator x3  
  190  19:39  Missile Turret  
  190  19:52  Command Center  
  190  19:54  Refinery  
  190  20:05  Starport Tech Lab x2  
  190  20:08  Viking x3  
  190  20:09  Missile Turret  
  190  20:10  Cyclone  
  190  20:12  Hellion  
  190  20:13  Hellion x5  
  180  20:21  Viking x3  
  178  20:31  Viking  
  178  20:34  Cyclone  
  177  20:38  Cyclone, Viking x2  
Tags
 
Add a new tag
Caveats
  • Supply blocks, unpowered buildings, or Contaminate may cause inaccurate times.
  • Supply counts are checked every 10 seconds.